 Dungeon Crawl Stone Soup version 0.30.1-3-gfc49f6343a (webtiles) character file.

Game seed: 13999181857069458819

262 Pepete the Magician (level 5, 0/21 HPs)
             Began as a Felid Fire Elementalist on July 21, 2023.
             Slain by Duvessa
             ... wielding a +0 rapier
              (12 damage)
             ... on level 4 of the Dungeon.
             The game lasted 00:11:18 (9643 turns).

Pepete the Magician (Felid Fire Elementalist)       Turns: 9643, Time: 00:11:19

Health: 0/21       AC:  2    Str:  4    XL:     5   Next: 97%
Magic:  10/14      EV: 20    Int: 18    God:
Gold:   175        SH:  0    Dex: 17    Spells: 13/16 levels left
                                        Lives:  0   Deaths: 2

rFire   . . .        (weapon unavailable)
rCold   . . .        (shield unavailable)
rNeg    . . .        (body armour unavailable)
rPois   .            (helmet unavailable)
rElec   .            (cloak unavailable)
rCorr   .            (gloves unavailable)
SInv    +            (boots unavailable)
Will    .....        (no amulet)
Stlth   ++           (no ring)
HPRegen 0.23/turn    (no ring)
MPRegen 0.14/turn

%: no passive effects
@: quick
A: very small, claws 1, fangs 3, see invisible, speed 1, shaggy fur 2, stealthy
paws, no weapons or thrown items, no armour, multi-lived
a: no special abilities


You were on level 4 of the Dungeon.
You visited 1 branch of the dungeon, and saw 4 of its levels.

You collected 175 gold pieces.

Inventory:

Wands
 j - a wand of flame (12)
Scrolls
 a - a scroll of identify
 b - a scroll of enchant armour {unknown}
 c - 2 scrolls of noise {unknown}
 h - a scroll of teleportation {unknown}
 k - a scroll of amnesia {unknown}
 l - a scroll of torment {unknown}
 m - a scroll of enchant weapon {unknown}
Potions
 d - a potion of might
 f - 2 potions of ambrosia
 g - a potion of lignification
 i - 2 potions of curing {unknown}
 n - a potion of attraction {unknown}


   Skills:
 - Level 5.7 Dodging
 - Level 2.6 Stealth
 * Level 6.2 Spellcasting
 + Level 2.1 Conjurations
 * Level 4.0 Fire Magic


You had 13 spell levels left.
You knew the following spells:

 Your Spells              Type           Power      Damage    Failure   Level
a - Foxfire               Conj/Fire      64%        2x1d7     3%          1
b - Scorch                Fire           40%        2d7       3%          2

Your spell library contained the following spells:

 Spells                   Type           Power      Damage    Failure   Level
 Slow                     Hex            20%        N/A       12%         1
 Inner Flame              Hex/Fire       12%        N/A       16%         3
 Volatile Blastmotes      Fire/Tloc      24%        2d12      16%         3
 Stone Arrow              Conj/Erth      18%        3d8       22%         3
 Flame Wave               Conj/Fire      16%        2d7       32%         4
 Gell's Gravitas          Tloc           5%         N/A       34%         3
 Teleport Other           Tloc           5%         N/A       34%         3
 Alistair's Intoxication  Tmut/Pois      3%         N/A       97%         5
 Borgnjor's Vile Clutch   Necr/Erth      2%         N/A       97%         5
 Silence                  Hex/Air        2%         N/A       97%         5
 Conjure Ball Lightning   Conj/Air       4%         3x3d6     100%        6
 Dispersal                Tloc           2%         N/A       100%        6
 Eringya's Noxious Bog    Tmut/Pois      2%         N/A       100%        6


Dungeon Overview and Level Annotations

Branches:
Dungeon (4/15)             Temple (0/1) D:4

Altars:
Gozag
Makhleb

Shops:
D:3 =

Annotations:
D:4 4 runed translucent doors, Crazy Yiuf; Duvessa; turdburglar's ghost, novice KoEn


Innate Abilities, Weirdness & Mutations

You have sharp claws.
You have razor-sharp teeth.
You have supernaturally acute eyesight. (SInv)
You cover ground quickly. (Speed+)
You are covered in thick fur. (AC +2)
Your paws help you pounce on unaware monsters.
You are incapable of wielding weapons or throwing items.
You cannot wear armour.
You gain extra lives every three experience levels.


Message History

You hear a shout! x2
You hear a shout!
You hear a shout! x2
You hear a shout!
You hear a shout!
You hear a shout!
You hear a shout!
You hear a shout!
You hear a shout!
You hear a shout!
You hear a shout!
You hear a shout!
You hear a shout!
You hear a shout!
You hear a shout!
You hear a shout!
You hear a shout!
You hear a shout!
You hear a shout!
You hear a shout!
You see here 5 stones.
You hear a shout!
You hear a shout!
Duvessa shouts!
Duvessa is nearby!
You conjure some foxfire!
Duvessa hits you with a +0 rapier! Duvessa misses you.
Casting: Foxfire (safe; 3% risk of failure)
Confirm with . or Enter, or press ? or * to list all spells.
Flames lash Duvessa.
Duvessa is lightly wounded.
Duvessa's fire resistance burns away.
The foxfire hits Duvessa.
Duvessa is lightly wounded.
The foxfire hits Duvessa.
Duvessa is burned terribly!
Duvessa is lightly wounded.
Duvessa closely misses you.
You conjure some foxfire!
Duvessa completely misses you. Duvessa hits you with a +0 rapier!
Ouch! That really hurt!
You die...

###### #### ### ######....#
###..#####.## ## ..........#
#...........######.
.≈≈≈≈≈.≈..######.................
.......≈.....#.............######
.≈...≈.≈.###...............#
.≈._.≈.≈.# ####§§v.........#
.≈...≈.≈.# #§@v.........#
.......≈.# #..e....)...##
.≈≈≈≈≈.≈.# ##..........#
.........# #.........##
##.####### ##.....>..# #### #..#
##......## #..## ..## ###....#
##...## ### ####.###.....#
#####.##...<...


You could see Duvessa (berserk, combustible, ally target).

Vanquished Creatures
  Grinder (D:4)
  Sigmund (D:4)
  Edmund (D:4)
  A phantom (D:4)
  Dowan (D:4)
  A hound (D:4)
  2 jellies (D:4)
  An orc wizard (D:3)
  5 adders
  A dart slug (D:1)
  11 orcs
  6 ball pythons
  7 endoplasms
  A giant cockroach (D:4)
  A goblin (D:3)
  4 hobgoblins
  9 kobolds
  2 quokkas
  3 bats
  2 frilled lizards
  4 rats
65 creatures vanquished.

Vanquished Creatures (others)
  341 foxfires
341 creatures vanquished.

Grand Total: 406 creatures vanquished

Notes
Turn   | Place    | Note
-------+----------+-------------------------------------------
     0 | D:1      | Pepete the Felid Fire Elementalist began the quest for the
                  | Orb.
     0 | D:1      | Reached XP level 1. HP: 7/7 MP: 4/4
   755 | D:1      | Got the Tome of the Eight Boll Weevils
   816 | D:1      | Reached XP level 2. HP: 11/11 MP: 3/6
  1748 | D:1      | Learned a level 2 spell: Scorch
  2216 | D:2      | Reached skill level 3 in Spellcasting
  2216 | D:2      | Reached XP level 3. HP: 14/14 MP: 1/8
  4747 | D:3      | Found the +3 salamander hide armour {Flames, rFlCloud rF++
                  | rC--}
  5386 | D:3      | Reached XP level 4. HP: 18/18 MP: 4/10
  5556 | D:3      | Found Usovuw's Jewellery Boutique.
  6269 | D:4      | Noticed a phantom
  6632 | D:4      | Killed a phantom
  6633 | D:4      | Reached skill level 4 in Spellcasting
  6633 | D:4      | Reached XP level 5. HP: 8/21 MP: 5/12
  6636 | D:4      | Noticed Dowan
  7106 | D:4      | Found a runed translucent gate.
  7106 | D:4      | Found a runed translucent gate.
  7106 | D:4      | Found a runed translucent gate.
  7108 | D:4      | Found an opulent altar of Gozag.
  7109 | D:4      | Noticed turdburglar's ghost (novice KoEn)
  7115 | D:4      | Noticed Grinder
  7126 | D:4      | Killed Grinder
  7127 | D:4      | Reached skill level 5 in Dodging
  7127 | D:4      | Reached skill level 5 in Spellcasting
  7127 | D:4      | Gained mutation: You are covered in thick fur. (AC +2)
                  | [Felid growth]
  7127 | D:4      | Reached XP level 6. HP: 24/24 MP: 3/15
  7746 | D:4      | Reached skill level 1 in Conjurations
  8081 | D:4      | Found a staircase to the Ecumenical Temple.
  8150 | D:4      | Found a runed translucent door.
  8151 | D:4      | Noticed Crazy Yiuf
  8250 | D:4      | Found a burning altar of Makhleb.
  8273 | D:4      | Noticed Sigmund
  8643 | D:4      | Killed Sigmund
  8644 | D:4      | Reached XP level 7. HP: 27/27 MP: 9/16
  8646 | D:4      | Noticed Edmund
  8671 | D:4      | Slain by Edmund
  8672 | D:4      | Reached XP level 6. HP: -3/24 MP: 14/15
  8809 | D:4      | Killed Edmund
  8810 | D:4      | Reached skill level 6 in Spellcasting
  9521 | D:4      | Noticed Duvessa
  9528 | D:4      | Killed Dowan
  9531 | D:4      | Slain by Duvessa
  9532 | D:4      | Reached XP level 5. HP: -2/21 MP: 4/14
  9643 | D:4      | Slain by Duvessa

Illustrated notes

Levels and vault maps discovered:
D:1:      dpeg_arrival_pond, layout_rooms, serial_co_window_serial,
          co_window_of_opportunity_a, co_window_corner_a, co_window_paths_a,
          co_window_paths_b, co_window_paths_a, co_window_paths_a,
          co_window_of_opportunity_b, co_window_corner_b, co_window_paths_c,
          glass_columns_a, glass_columns_b, glass_columns_b, glass_columns_a,
          glass_columns_a, chequers_serial_rivers_micro_c,
          minmay_split_cup_large
D:2:      layout_basic, minmay_misc_feat_iff, minmay_crystal_water
D:3:      layout_basic, serial_shops, nicolae_shop_just_a_little_nook
D:4:      layout_cave_pods, mainiacjoe_overflow_cross_hatched,
          minmay_temple_entry_from_below_b, ebering_ghost_gozag, st_stairs_13,
          uniq_grinder, uniq_crazy_yiuf_cottage, uniq_edmund, uniq_sigmund,
          uniq_duvessa

Skill      XL: |  1  2  3  4  5  6 |
---------------+-------------------+-----
Dodging        | 3 4 5 |  5.7
Spellcasting   | 3 4 5 6 |  6.2
Conjurations   | 2 |  2.1
Fire Magic     | 4 |  4.0
Stealth        | |  2.6

Action                     |  1- 3 |  4- 6 |  7- 9 || total
---------------------------+-------+-------+-------++-------
  Melee: Unarmed           |       |     1 |       ||     1
   Cast: Foxfire           |   103 |    97 |     6 ||   206
         Scorch            |    10 |    28 |     3 ||    41
    Use: Scroll            |     3 |     1 |       ||     4
         Potion            |       |     2 |     1 ||     3
 Armour: Skin              |     1 |     1 |       ||     2
  Dodge: Dodged            |    23 |    21 |     1 ||    45
